 Dungeon Crawl Stone Soup version 0.30-b1-2-g02819fbbbe (webtiles) character file.

Game seed: 3320081740191098413

1215 vatarom the Insei (level 8, -16/80 HPs)
             Began as a Pale Draconian Transmuter on June 23, 2023.
             Was a Believer of Ru.
             Killed from afar by an acid dragon (30 damage)
             ... with a splash of acid
             ... on level 5 of the Dungeon.
             The game lasted 00:18:53 (5212 turns).

vatarom the Insei (Pale Draconian Transmuter)       Turns: 5212, Time: 00:18:54

Health: -16/80     AC:  2    Str: 13    XL:     8   Next: 22%
Magic:  7/11       EV: 10    Int: 14    God:    Ru [**....]
Gold:   1161       SH:  0    Dex: 13    Spells: 3/11 levels left

rFire   x .          .
                       - Unarmed
rCold   + + +        (shield currently unavailable)
rNeg    . . .        (body armour unavailable)
rPois   +            (helmet currently unavailable)
rElec   .            (cloak currently unavailable)
rCorr   .            (gloves currently unavailable)
SInv    .            (boots currently unavailable)
Will    .....        f - amulet of regeneration
Stlth   +            s - +4 ring of slaying
HPRegen 1.93/turn    w - ring of wizardry
MPRegen 0.12/turn

%: clarity, wizardry (x1)
@: ice-form, corroded
A: freezing attack, amphibious, boosted hp, (breathe steam), AC +6, large,
unfitting armour, (cold-blooded), inability to use devices, (steam resistance),
clarity, (cold resistance 1), regeneration 1, (electricity resistance)
a: End Transformation, Renounce Religion


You were on level 5 of the Dungeon.
You worshipped Ru.
Ru was pleased with you.
You were a creature of crystalline ice.
You visited 2 branches of the dungeon, and saw 6 of its levels.
You also visited: Ossuary.

You collected 1161 gold pieces.

Inventory:

Missiles
 b - 23 stones
 d - 4 atropa-tipped darts
 j - a throwing net {!f}
 p - 2 poisoned darts
Jewellery
 f - an amulet of regeneration (around neck)
 m - a ring of willpower
 s - a +4 ring of slaying (left front paw)
 w - a ring of wizardry (right front paw)
Scrolls
 e - 2 scrolls of teleportation {@r3}
 i - a scroll of summoning
 k - a scroll of identify {@r1}
 l - a scroll of vulnerability
 q - a scroll of magic mapping
 r - a scroll of fog
Potions
 a - 2 potions of lignification
 c - 2 potions of attraction
 g - 2 potions of curing {@q1}
 h - a potion of brilliance {@q6}
 n - a potion of flight
 o - a potion of invisibility


   Skills:
 + Level 4.4 Fighting
 + Level 2.7 Dodging
 * Level 6.3 Unarmed Combat
 - Level 2.0 Spellcasting
 * Level 6.0 Transmutations
 + Level 2.1 Ice Magic
 - Level 1.4 Poison Magic


You had 3 spell levels left.
You knew the following spells:

 Your Spells              Type           Power      Damage    Failure   Level
a - Beastly Appendage     Tmut           36%        N/A       1%          1
b - Spider Form           Tmut/Pois      11%        N/A       6%          3
c - Ice Form              Ice/Tmut       12%        N/A       17%         4

Your spell library contained the following spells:

 Spells                   Type           Power      Damage    Failure   Level
 Wereblood                Tmut           18%        N/A       1%          2
 Passwall                 Tmut/Erth      7%         N/A       4%          2
 Ensorcelled Hibernation  Hex/Ice        8%         N/A       9%          2
 Swiftness                Air            1%         N/A       26%         3


Dungeon Overview and Level Annotations

Branches:
Dungeon (5/15)             Temple (1/1) D:4         Ossuary (visited)

Altars:
Ashenzari
Elyvilon
Fedhas
Hepliaklqana
Kikubaaqudgha
Nemelex Xobeh
Okawaru
Ru
Sif Muna
Trog
Vehumet
Wu Jian
Yredelemnul
The Shining One


Innate Abilities, Weirdness & Mutations

You are a creature of crystalline ice.
You have a powerful freezing melee attack.
You are amphibious.
Your maximum health is increased.
Your armour is entirely melded.
You are incapable of wielding weapons or throwing items.
((You can breathe blasts of scalding, opaque steam.))
((Your pale cyan-grey scales are hard. (AC +6)))
You cannot fit into any form of body armour.
((You are cold-blooded and may be slowed by cold attacks.))
You cannot study or use magical devices.
((You are immune to the effects of steam.))
You possess an exceptional clarity of mind.
((Your flesh is cold resistant. (rC+)))
Your natural rate of healing is unusually fast.
((You are resistant to electric shocks. (rElec)))


Message History

There is a stone staircase leading down here.
Key pressed, stopping explore.
You open the door.
There is an open door here.
As you open the door, it creaks loudly!
There is an open door here.
You grow a pair of large bovine horns.
Your feet morph into talons.
Magic restored.
Your transformation is almost over.
Your horns disappear.
Your talons disappear.
Key pressed, stopping explore.
The acid dragon roars!
The acid dragon spits acid at you. The splash of acid hits you!!
Casting: Beastly Appendage (safe; 1% risk of failure)
Confirm with . or Enter, or press ? or * to list all spells.
You don't know that spell.
Casting: Beastly Appendage (safe; 1% risk of failure)
Confirm with . or Enter, or press ? or * to list all spells.
You turn into a creature of crystalline ice.
Unknown command.
The acid dragon spits acid at you. The splash of acid hits you!!
The acid corrodes you!
You hear an angry hiss.
The acid dragon bites you. The acid dragon claws you.
You punch the acid dragon! You freeze the acid dragon.
The acid dragon is severely wounded.
The acid dragon bites you! The acid dragon claws you.
* * * LOW HITPOINT WARNING * * *
You barely miss the acid dragon.
The acid dragon is severely wounded.
You redirect the acid dragon's attack!
The acid dragon bites you!
* * * LOW HITPOINT WARNING * * *
The acid dragon claws you but does no damage.
You barely miss the acid dragon.
The acid dragon is severely wounded.
The acid dragon spits acid at you. The splash of acid hits you!!
You die...

...###..........###......##....##
....#....................)))....#
........##...............†...#.##
.#...###....####.#..........####
..#.........####....###.##....##
............#.....#.###..###...#
..............#.....##....#.#..#
...........=.###.D.............#
..##.......[.##.Y###.#.........##
.##..............######........#.
#####.........#...### #..........
##.#........###.....# #..........
.......#.....######.###..........
.#.....#..##..#####..............
..##....#......#.#...........#.#.
.###....#................#...###.
.###....................##>..# #.


You could see an acid dragon (catching breath).

Vanquished Creatures
  Sigmund (D:2)
  An ice beast (D:5)
  2 centaurs (D:5)
  A gnoll bouda (D:5)
  2 orc priests (D:5)
  2 hounds (D:5)
  Jessica (D:2)
  Natasha (thrice) (D:2)
  6 iguanas
  A mummy (Ossuary)
  13 adders
  11 gnolls
  A white imp (D:3)
  4 worms
  2 dart slugs
  10 orcs
  3 spectral bats (Ossuary)
  7 endoplasms
  5 giant cockroaches
  9 goblins
  9 hobgoblins
  5 jackals
  6 quokkas
  4 ball pythons
  7 bats
  5 bat simulacra (Ossuary)
  4 frilled lizards
  12 gnoll zombies (Ossuary)
  3 goblin simulacra (Ossuary)
  4 goblin zombies (Ossuary)
  6 hobgoblin zombies (Ossuary)
  6 kobolds
  5 kobold simulacra (Ossuary)
  4 kobold zombies (Ossuary)
  4 orc zombies (Ossuary)
  4 rats
  2 rat simulacra (Ossuary)
  2 spectral goblins (Ossuary)
  3 spectral kobolds (Ossuary)
  4 spectral rats (Ossuary)
184 creatures vanquished.

Vanquished Creatures (others)
  25 plants (D:2)
25 creatures vanquished.

Grand Total: 209 creatures vanquished

Notes
Turn   | Place    | Note
-------+----------+-------------------------------------------
     0 | D:1      | vatarom the Draconian Transmuter began the quest for the
                  | Orb.
     0 | D:1      | Reached XP level 1. HP: 16/16 MP: 3/3
    90 | D:1      | Reached XP level 2. HP: 23/23 MP: 3/5
   332 | D:1      | Gained mutation: Your natural rate of healing is unusually
                  | fast. [potion of mutation]
   332 | D:1      | Gained mutation: You have hidden genetic potential. [potion
                  | of mutation]
   332 | D:1      | Gained mutation: You are resistant to electric shocks.
                  | (rElec) [potion of mutation]
   625 | D:1      | Reached XP level 3. HP: 29/29 MP: 6/6
   867 | D:1      | Learned a level 3 spell: Spider Form
  1008 | D:2      | Gained mutation: You possess an exceptional clarity of
                  | mind. [hidden potential]
  1057 | D:2      | Noticed Natasha
  1063 | D:2      | Killed Natasha
  1093 | D:2      | Reached XP level 4. HP: 36/36 MP: 7/7
  1172 | D:2      | Noticed Natasha
  1188 | D:2      | Killed Natasha
  1193 | D:2      | Gained mutation: Your flesh is cold resistant. (rC+)
                  | [hidden potential]
  1193 | D:2      | Lost mutation: You have hidden genetic potential. [hidden
                  | potential expressed]
  1306 | D:2      | Noticed Sigmund
  1314 | D:2      | Killed Sigmund
  1315 | D:2      | Reached XP level 5. HP: 37/44 MP: 4/8
  1415 | D:2      | Noticed Jessica
  1421 | D:2      | Killed Jessica
  1422 | D:2      | Reached XP level 6. HP: 51/51 MP: 5/9
  1468 | D:2      | Learned a level 4 spell: Ice Form
  1598 | D:2      | Noticed Natasha
  1603 | D:2      | Killed Natasha
  2336 | D:3      | Reached skill level 5 in Unarmed Combat
  2373 | D:3      | Reached skill level 1 in Poison Magic
  2664 | D:3      | Found a faded altar of an unknown god.
  3136 | D:4      | Found a staircase to the Ecumenical Temple.
  3146 | Temple   | Entered the Ecumenical Temple
  3422 | Temple   | Became a worshipper of Ru the Awakened
  3501 | D:4      | Your scales start taking on a pale cyan-grey colour.
  3501 | D:4      | Reached XP level 7. HP: 57/57 MP: 5/10
  3501 | D:4      | Gained mutation: You are immune to the effects of steam.
                  | [Pale Draconian growth]
  3539 | D:4      | Found a sand-covered staircase.
  3547 | Ossuary  | Entered an ossuary
  3777 | Ossuary  | Reached skill level 5 in Transmutations
  3964 | Ossuary  | Gained mutation: You cannot study or use magical devices.
                  | [Ru sacrifice]
  3964 | Ossuary  | Reached * piety under Ru
  3964 | Ossuary  | Reached ** piety under Ru
  4533 | D:5      | Entered Level 5 of the Dungeon
  4570 | D:5      | Identified a scroll of acquirement
  4575 | D:5      | Acquired 861 gold pieces
  4672 | D:5      | Reached skill level 1 in Ice Magic
  4882 | D:5      | Reached XP level 8. HP: 66/66 MP: 6/11
  5002 | D:5      | Identified the ring of Devotion {Fly Will+ MP-9 Dex+8
                  | Slay-5}
  5212 | D:5      | Killed from afar by an acid dragon

Illustrated notes

Levels and vault maps discovered:
D:1:      wheals_arrival_shading, layout_loops_ring, grunt_decor_junction,
          chequers_avenue, minmay_door_square,
          amcnicky_mini_rare_corridor_liquid, minmay_surrounded
D:2:      layout_loops_ring, serial_bayou_lagoon_a, uniq_sigmund, uniq_natasha,
          uniq_jessica
D:3:      layout_basic, chequers_ecumenical_altar_twisty,
          cheibrodos_sewer_entry_bend, corexii_shack
D:4:      layout_loops_corners, pf_just_have_faith,
          mainiacjoe_overflow_alcove_2, minmay_temple_entry_fiery,
          enter_ossuary_1
D:5:      layout_cave_pools, dk_noncrumbling_2, minmay_between
Temple:   dpeg_chambers_temple

Skill      XL: |  1  2  3  4  5  6  7  8 |
---------------+-------------------------+-----
Fighting       | 2 3 4 |  4.4
Transmutations | 3 4 5 6 |  6.0
Unarmed Combat | 4 5 6 |  6.3
Poison Magic   | 1 |  1.4
Ice Magic      | 1 2 |  2.1
Dodging        | 2 |  2.7
Spellcasting   | |  2.0

Action                     |  1- 3 |  4- 6 |  7- 9 || total
---------------------------+-------+-------+-------++-------
  Melee: Unarmed           |    63 |   102 |   213 ||   378
         Kick              |     9 |     7 |     3 ||    19
         Tailslap          |     6 |     5 |    18 ||    29
         Headbutt          |     5 |     2 |     3 ||    10
         Punch             |     1 |       |     5 ||     6
  Throw: Stone             |     2 |     9 |       ||    11
         Dart              |       |       |     6 ||     6
   Cast: Beastly Appendage |    14 |    13 |     6 ||    33
         Spider Form       |     1 |    10 |     2 ||    13
         Ice Form          |       |       |     5 ||     5
 Invoke: Sacrifice Artific |       |       |     1 ||     1
Ability: Breathe Steam     |       |       |     1 ||     1
    Use: Potion            |     3 |     1 |     7 ||    11
         Scroll            |     1 |     9 |    10 ||    20
   Stab: Sleeping          |       |     1 |     3 ||     4
         Invisible         |       |       |     1 ||     1
 Armour: Skin              |    21 |    27 |    72 ||   120
  Dodge: Dodged            |    28 |    74 |   124 ||   226
